 Dungeon Crawl Stone Soup version 0.25-a0-443-gece2dee8bd (webtiles) character file.

Game seed: 950545018639818037, levelgen mode: deterministic

17962 garuda the Thaumaturge (level 12, 75/94 HPs)
             Began as a Gnoll Skald on Jan 30, 2020.
             Was an Elder of Wu Jian.
             Quit the game on level 1 of the Lair of Beasts on Nov 17, 2020.
             The game lasted 01:01:43 (12371 turns).

garuda the Thaumaturge (Gnoll Skald)               Turns: 12371, Time: 01:01:44

Health: 75/94      AC: 15    Str: 24    XL:     12   Next: 53%
Magic:  34/34      EV: 18    Int: 20    God:    Wu Jian [****..]
Gold:   753        SH: 12    Dex: 22    Spells: 16/29 levels left

rFire    . . .     SeeInvis .   t - +3 dagger of Reinforcement {distort, Str+4}
rCold    . . .     Gourm    .   A - +0 shield of Fera {rN+ MR- Dex+7}
rNeg     + . .     Faith    .   O - +2 robe {MR+}
rPois    +         Spirit   .   q - +0 helmet
rElec    .         Reflect  .   V - +0 cloak of Inviolability {rPois MP+9 Int+4}
rCorr    +         Harm     .   p - +1 pair of gloves
MR       .....                  P - +0 pair of boots
Stlth    ++++......             B - amulet of magic regeneration
HPRegen  0.25/turn              f - ring of resist corrosion
MPRegen  0.49/turn              N - ring "Ukut" {AC+4 Str+2}

@: no status effects
A: distributed training, fangs 1, strong nose
a: Wall Jump, Serpent's Lash, Renounce Religion


You were on level 1 of the Lair of Beasts.
You worshipped Wu Jian.
Wu Jian was greatly pleased with you.
You were not hungry.

You visited 3 branches of the dungeon, and saw 13 of its levels.
You also visited: Sewer.

You collected 753 gold pieces.

Inventory:

Hand Weapons
 l - a +0 scimitar of flaming
 t - the +3 dagger of Reinforcement (weapon) {distort, Str+4}
   (You found it on level 4 of the Dungeon)

   It warps and distorts space around it.
   Unwielding it can cause banishment or high damage.
   It affects your strength (+4).
 y - a +0 spear of flaming
 T - the +5 scythe "Finisher" {speed, eviscerate}
   (You found it on level 9 of the Dungeon)

   Attacks with this weapon are significantly faster.
Missiles
 h - 22 poisoned darts (quivered)
 s - 11 atropa-tipped darts
Armour
 a - the +0 leather armour of New Discoveries {rN+ Dex+3}
   (You found it on level 1 of the Lair of Beasts)

   It affects your dexterity (+3).
   It protects you from negative energy.
   If you switch to wearing this armour, your AC will fall 1 point (15 -> 14)
 p - a +1 pair of gloves (worn)
 q - a +0 helmet (worn)
 A - the +0 shield of Fera (worn) {rN+ MR- Dex+7}
   (You found it on level 5 of the Dungeon)

   It affects your dexterity (+7).
   It protects you from negative energy.
   It affects your resistance to hostile enchantments.
   If you remove this armour, your AC will rise 0 points (15 -> 15)
 O - a +2 robe of magic resistance (worn)
 P - a +0 pair of boots (worn)
 V - the +0 cloak of Inviolability (worn) {rPois MP+9 Int+4}
   (You found it on level 10 of the Dungeon)

   It affects your intelligence (+4).
   It protects you from poison.
   It affects your magic capacity (+9).
   If you remove this armour, your AC will fall 2 points (15 -> 13)
Magical Staves
 n - an uncursed staff of wizardry {unknown}
Jewellery
 f - a ring of resist corrosion (left hand)
 g - an uncursed ring of magical power
 B - an amulet of magic regeneration (around neck)
 I - an uncursed ring of fire
 N - the ring "Ukut" (right hand) {AC+4 Str+2}
   (You found it on level 8 of the Dungeon)

   [ring of protection]

   It affects your AC (+4).
   It affects your strength (+2).
Wands
 v - a wand of enslavement (6)
 K - a wand of iceblast (8)
 R - a wand of polymorph (4)
 Y - a wand of paralysis (6)
Scrolls
 c - a scroll of noise {unknown}
 e - a scroll of amnesia
 i - 6 scrolls of magic mapping
 j - a scroll of fear {unknown}
 m - 3 scrolls of enchant armour
 o - 2 scrolls of random uselessness {unknown}
 x - 4 scrolls of remove curse
 z - 2 scrolls of immolation {unknown}
 E - 7 scrolls of teleportation
 F - a scroll of blinking {unknown}
 G - 2 scrolls of enchant weapon {unknown}
 W - a scroll of fog {unknown}
Potions
 k - 11 potions of curing
 u - 3 potions of heal wounds
 w - 3 potions of flight
 C - 2 potions of haste {unknown}
 D - a potion of brilliance
 Q - a potion of resistance {unknown}
 S - 3 potions of agility {unknown}
 X - 2 potions of might {unknown}
 Z - a potion of lignification {unknown}
Comestibles
 b - 3 chunks of flesh
 d - 33 rations


   Skills:
 + Level 8.7 Fighting
 + Level 7.3 Short Blades
 + Level 7.3 Long Blades
 + Level 7.3 Axes
 + Level 7.3 Maces & Flails
 + Level 8.7 Polearms
 + Level 7.3 Staves
 + Level 7.3 Slings
 + Level 7.3 Bows
 + Level 7.3 Crossbows
 + Level 7.3 Throwing
 + Level 7.8 Armour
 + Level 8.7 Dodging
 + Level 7.3 Stealth
 + Level 7.3 Shields
 + Level 7.3 Unarmed Combat
 + Level 9.0 Spellcasting
 + Level 6.1 Conjurations
 + Level 6.1 Hexes
 + Level 8.3 Charms
 + Level 6.1 Summonings
 + Level 6.1 Necromancy
 + Level 6.1 Translocations
 + Level 6.1 Transmutations
 + Level 6.1 Fire Magic
 + Level 6.1 Ice Magic
 + Level 6.1 Air Magic
 + Level 6.1 Earth Magic
 + Level 6.1 Poison Magic
 + Level 8.0 Invocations
 + Level 7.3 Evocations


You had 16 spell levels left.
You knew the following spells:

 Your Spells              Type           Power        Failure   Level  Hunger
a - Infusion              Chrm           ####         1%          1    None
b - Song of Slaying       Chrm           #####...     1%          2    None
c - Apportation           Tloc           ####..       1%          1    None
d - Shroud of Golubria    Chrm/Tloc      #####.       1%          2    None
e - Summon Ice Beast      Ice/Summ       ####....     17%         4    ###....
f - Stone Arrow           Conj/Erth      ####..       4%          3    None

Your spell library contained the following spells:

 Spells                   Type           Power        Failure   Level  Hunger
 Animate Skeleton         Necr           N/A          1%          1    None
 Corona                   Hex            ####...      1%          1    None
 Freeze                   Ice            ####         1%          1    None
 Summon Small Mammal      Summ           ####         1%          1    None
 Ensorcelled Hibernation  Hex/Ice        ####..       2%          2    None
 Ozocubu's Armour         Chrm/Ice       #####...     3%          3    None
 Spectral Weapon          Hex/Chrm       #####...     3%          3    None
 Malign Gateway           Summ/Tloc      ####......   100%        7    #######
 Monstrous Menagerie      Summ           ####......   100%        7    #######
 Summon Greater Demon     Summ           ####......   100%        7    #######
 Summon Horrible Things   Summ           ####......   100%        8    #######
 Shatter                  Erth           ####......   100%        9    #######


Dungeon Overview and Level Annotations

Branches:
Dungeon (11/15)            Temple (1/1) D:4            Lair (1/6) D:9
  Sewer (visited)
    Orc: D:9-12

Altars:
Ashenzari
Cheibriados
Dithmenos
Elyvilon
Fedhas
Gozag
Hepliaklqana
Kikubaaqudgha
Makhleb
Nemelex Xobeh
Okawaru
Qazlal
Ru
Sif Muna
Trog
Uskayaw
Vehumet
Wu Jian
Xom
Zin
The Shining One

Shops:
D:8 !   D:10 :

Annotations:
D:6 Grinder
D:7 exclusion: statue
D:8 2 transporters
D:10 1 runed translucent door, Upnub's ghost, journeyman TrAK
Abyss:1 Grum, Psyche


Innate Abilities, Weirdness & Mutations

Your experience applies equally to all skills.
You have very sharp teeth.
Your uncanny sense of smell can sniff out nearby items.


Message History

The stone arrow hits the swamp worm.
You kill the swamp worm!
The Council accepts your kill.
You enter the shallow water.
Moving in this stuff is going to be slow.
Done exploring.
Done exploring.
Why would you want to do that? What are your orders? t - Bark!
Orders for allies: a - Attack new target. r - Retreat! s - Stop attacking. g - Guard the area. f - Follow me.
Anything else - Cancel.
Okay, then.
Saving game... please wait.
Welcome back, garuda the Gnoll Skald.
The Council says: Follow the path of wisdom and battle!
Press ? for a list of commands and other information.
Are you sure you want to abandon this character and quit the game? (Confirm with "yes".)

.#P.≈≈≈≈≈≈≈≈≈..# ### ######≈
.###.≈≈≈≈≈≈.≈.########.####.#.##.
.###....)..)#.................(..
.##....####....#..######.P######.
..............##### ###.## #.
).####..###...## ###P#.# #. .##
#.#.......#####.#(..# #. .#
#.#..#.....)........# #. .#
#.#.##.....@........# #. .##
#.#.##.P≈≈.≈...P.≈..# ##. ..#
#...#..≈≈≈P≈..≈P≈≈#.# #.. ###
###.##.PP≈≈≈≈≈≈≈≈≈### ###
#.##.≈≈≈P≈P≈≈≈≈≈##
#..#.≈P≈≈≈≈≈≈PP≈≈#
#.P..≈≈≈P≈≈≈P≈≈≈##
##...♣≈P≈≈≈≈≈≈≈P≈♣
#....♣≈≈≈≈≈≈≈≈≈≈≈♣


There were no monsters in sight!

Vanquished Creatures
  A hydra (Lair:1)
  Erica (D:8)
  A black mamba (Lair:1)
  2 komodo dragons (Lair:1)
  3 spiny frogs (Lair:1)
  A centaur skeleton (D:10)
  A freezing wraith (D:10)
  A tyrant leech (Lair:1)
  2 hippogriffs
  11 yaks
  3 wraiths
  A human (D:8)
  A basilisk (Lair:1)
  4 hogs (D:8)
  2 hungry ghosts
  2 swamp worms (Lair:1)
  Edmund (D:6)
  A water moccasin (Lair:1)
  Purgy (Sewer)
  2 porcupines (Lair:1)
  4 ice beasts
  2 orc warriors
  2 wolves (D:8)
  A necrophage (D:8)
  A phantom (D:9)
  7 ogres
  2 crocodiles (Lair:1)
  4 centaurs
  10 bullfrogs
  5 scorpions
  9 killer bees (D:8)
  A howler monkey (D:7)
  3 wights (D:6)
  6 crimson imps
  2 bullfrog zombies
  A quasit (D:5)
  A jelly (D:8)
  2 orc priests (D:6)
  5 orc wizards
  5 hounds
  A bullfrog skeleton (D:6)
  An iguana (D:4)
  5 worker ants
  2 hound skeletons
  Robin (D:2)
  A worker ant zombie (D:9)
  A howler monkey skeleton (D:7)
  12 adders
  2 shadow imps (D:8)
  An ooze (D:3)
  An adder zombie (D:8)
  2 adder skeletons
  7 leopard geckos
  21 orcs
  4 ball pythons
  9 giant cockroaches
  11 goblins
  6 hobgoblins
  13 jackals
  6 kobolds
  6 quokkas
  2 bats (D:1)
  7 frilled lizards
  23 rats
260 creatures vanquished.

Vanquished Creatures (others)
  5 yaks
  A hungry ghost (D:10)
  A swamp worm (Lair:1)
  2 wolves (D:8)
  A scorpion (D:10)
  An orc wizard (D:6)
  A worker ant (D:7)
  A shadow imp (D:10)
  2 orcs (D:6)
  2 fungi (Lair:1)
  12 plants (Lair:1)
29 creatures vanquished.

Grand Total: 289 creatures vanquished

Notes
Turn   | Place    | Note
-------+----------+-------------------------------------------
     0 | D:1      | garuda the Gnoll Skald began the quest for the Orb.
     0 | D:1      | Reached XP level 1. HP: 20/20 MP: 6/6
   236 | D:1      | Reached XP level 2. HP: 26/26 MP: 4/7
   811 | D:2      | Noticed Robin
  1096 | D:1      | Learned a level 2 spell: Song of Slaying
  1198 | D:2      | Reached skill level 5 in Spellcasting
  1198 | D:2      | Reached XP level 3. HP: 29/31 MP: 3/9
  1344 | D:2      | Reached skill level 1 in Invocations
  1467 | D:2      | Reached skill level 1 in Short Blades
  1467 | D:2      | Reached skill level 1 in Long Blades
  1467 | D:2      | Reached skill level 1 in Axes
  1467 | D:2      | Reached skill level 1 in Maces & Flails
  1467 | D:2      | Reached skill level 1 in Staves
  1467 | D:2      | Reached skill level 1 in Slings
  1467 | D:2      | Reached skill level 1 in Bows
  1467 | D:2      | Reached skill level 1 in Crossbows
  1467 | D:2      | Reached skill level 1 in Throwing
  1467 | D:2      | Reached skill level 1 in Stealth
  1467 | D:2      | Reached skill level 1 in Shields
  1467 | D:2      | Reached skill level 1 in Unarmed Combat
  1467 | D:2      | Reached skill level 1 in Evocations
  1613 | D:2      | Reached XP level 4. HP: 37/38 MP: 8/11
  1620 | D:2      | Killed Robin
  1844 | D:2      | Reached skill level 1 in Conjurations
  1844 | D:2      | Reached skill level 1 in Hexes
  1844 | D:2      | Reached skill level 1 in Summonings
  1844 | D:2      | Reached skill level 1 in Necromancy
  1844 | D:2      | Reached skill level 1 in Translocations
  1844 | D:2      | Reached skill level 1 in Transmutations
  1844 | D:2      | Reached skill level 1 in Fire Magic
  1844 | D:2      | Reached skill level 1 in Ice Magic
  1844 | D:2      | Reached skill level 1 in Air Magic
  1844 | D:2      | Reached skill level 1 in Earth Magic
  1844 | D:2      | Reached skill level 1 in Poison Magic
  2118 | D:3      | Reached XP level 5. HP: 39/43 MP: 12/12
  2200 | D:3      | Found a shimmering blue altar of Sif Muna.
  2480 | D:3      | Found a stormy altar of Qazlal.
  2480 | D:3      | Noticed an air elemental
  2481 | D:3      | Noticed a fire elemental
  2481 | D:3      | Noticed a water elemental
  3407 | D:4      | Found a staircase to the Ecumenical Temple.
  3426 | D:4      | Noticed an ogre
  3439 | D:4      | Killed an ogre
  3439 | D:4      | Reached XP level 6. HP: 44/50 MP: 14/14
  3446 | Temple   | Entered the Ecumenical Temple
  3621 | Temple   | Became a worshipper of the Wu Jian Council
  3750 | D:4      | Got a fine dagger
  3751 | D:4      | Identified the +3 dagger of Reinforcement {distort, Str+4}
                  | (You found it on level 4 of the Dungeon)
  3801 | D:5      | Entered Level 5 of the Dungeon
  3955 | D:4      | Reached skill level 5 in Fighting
  3955 | D:4      | Reached skill level 5 in Polearms
  3955 | D:4      | Reached skill level 5 in Dodging
  4053 | D:5      | Got a smoking shield
  4059 | D:5      | Identified the cursed +0 shield of Fera {rN+ MR- Dex+7}
                  | (You found it on level 5 of the Dungeon)
  4102 | D:5      | Reached XP level 7. HP: 40/56 MP: 15/15
  4540 | D:6      | Reached * piety under Wu Jian
  4734 | D:6      | Reached XP level 8. HP: 61/63 MP: 16/16
  4765 | D:6      | Found a glowing drain.
  4769 | Sewer    | Entered a sewer
  4814 | Sewer    | Noticed Purgy
  4888 | Sewer    | Killed Purgy
  4924 | D:6      | Noticed Edmund
  4937 | D:6      | Killed Edmund
  4985 | D:6      | Reached skill level 6 in Spellcasting
  5387 | D:6      | Noticed Grinder
  5644 | D:6      | Reached XP level 9. HP: 69/69 MP: 18/18
  6374 | D:7      | Reached ** piety under Wu Jian
  6388 | D:7      | Found a radiant altar of Vehumet.
  6804 | D:7      | Reached skill level 5 in Armour
  7211 | D:8      | Noticed Grum
  7213 | D:8      | Banished Grum
  7240 | D:8      | Found Ifuxket's Distillery.
  7313 | D:8      | Reached skill level 5 in Invocations
  7352 | D:8      | Noticed Psyche
  7365 | D:8      | Banished Psyche
  7366 | D:8      | Found a transporter.
  7377 | D:8      | Noticed a kobold demonologist
  7386 | D:8      | Found a transporter.
  7413 | D:8      | Got a slimy jade ring
  7459 | D:8      | Reached XP level 10. HP: 63/77 MP: 20/20
  7461 | D:8      | Reached skill level 7 in Spellcasting
  7528 | D:8      | HP: 3/77 [shadow imp/nerve-wracking pain (6)]
  7971 | D:8      | Reached skill level 5 in Short Blades
  7971 | D:8      | Reached skill level 5 in Long Blades
  7971 | D:8      | Reached skill level 5 in Axes
  7971 | D:8      | Reached skill level 5 in Maces & Flails
  7971 | D:8      | Reached skill level 5 in Staves
  7971 | D:8      | Reached skill level 5 in Slings
  7971 | D:8      | Reached skill level 5 in Bows
  7971 | D:8      | Reached skill level 5 in Crossbows
  7971 | D:8      | Reached skill level 5 in Throwing
  7971 | D:8      | Reached skill level 5 in Stealth
  7971 | D:8      | Reached skill level 5 in Shields
  7971 | D:8      | Reached skill level 5 in Unarmed Combat
  7971 | D:8      | Reached skill level 5 in Evocations
  7989 | D:8      | Reached *** piety under Wu Jian
  8139 | D:8      | Identified the ring "Ukut" {AC+4 Str+2} (You found it on
                  | level 8 of the Dungeon)
  8360 | D:8      | Noticed Erica
  8360 | D:8      | Noticed a kobold demonologist
  8363 | D:8      | Reached skill level 8 in Spellcasting
  8363 | D:8      | Reached skill level 5 in Conjurations
  8363 | D:8      | Reached skill level 5 in Hexes
  8363 | D:8      | Reached skill level 5 in Summonings
  8363 | D:8      | Reached skill level 5 in Necromancy
  8363 | D:8      | Reached skill level 5 in Translocations
  8363 | D:8      | Reached skill level 5 in Transmutations
  8363 | D:8      | Reached skill level 5 in Fire Magic
  8363 | D:8      | Reached skill level 5 in Ice Magic
  8363 | D:8      | Reached skill level 5 in Air Magic
  8363 | D:8      | Reached skill level 5 in Earth Magic
  8363 | D:8      | Reached skill level 5 in Poison Magic
  8363 | D:8      | Reached XP level 11. HP: 86/86 MP: 20/23
  8376 | D:8      | Killed Erica
  8825 | D:9      | Found the +5 scythe "Finisher" {speed, eviscerate}
  8962 | D:9      | Found a staircase to the Lair.
  9433 | D:10     | Entered Level 10 of the Dungeon
  9481 | D:10     | Got a pitted cloak
  9482 | D:10     | Identified the +0 cloak of Inviolability {rPois MP+9 Int+4}
                  | (You found it on level 10 of the Dungeon)
  9499 | D:10     | Learned a level 1 spell: Apportation
  9502 | D:10     | Learned a level 2 spell: Shroud of Golubria
  9745 | D:10     | Found Ywis's Book Shoppe.
  9782 | D:10     | Found a runed translucent door.
  9983 | D:10     | Noticed Upnub's ghost (journeyman TrAK)
 10209 | D:11     | Noticed a cyclops
 10211 | D:11     | Noticed a centaur warrior
 10724 | Lair:1   | Entered Level 1 of the Lair of Beasts
 10724 | Lair:1   | Noticed a six-headed hydra
 10735 | Lair:1   | Killed a six-headed hydra
 10735 | Lair:1   | Reached XP level 12. HP: 94/94 MP: 24/24
 10812 | Lair:1   | Reached **** piety under Wu Jian
 11033 | Lair:1   | Got a sapphire-encrusted leather armour
 11034 | Lair:1   | Identified the +0 leather armour of New Discoveries {rN+
                  | Dex+3} (You found it on level 1 of the Lair of Beasts)
 11306 | Lair:1   | Identified Fusohore's Guide on the Dusty Frostbite
 11313 | Lair:1   | Learned a level 4 spell: Summon Ice Beast
 12155 | Lair:1   | Reached skill level 9 in Spellcasting
 12225 | Lair:1   | Learned a level 3 spell: Stone Arrow
 12371 | Lair:1   | Quit the game

Levels and vault maps discovered:
D:1:      mrwooster_arrival_arrow, layout_basic
D:2:      layout_loops_ring, minmay_rat_hole, uniq_robin
D:3:      layout_loops_ring, nicolae_qazlal_style_of_elements,
          nicolae_overflow_hidden_temple, lemuel_round_altar
D:4:      layout_gridville, minmay_temple_entry_drinking_statues
D:5:      layout_basic, first_ration, kennysheep_windowed_goal
D:6:      minmay_chambers_of_fours, layout_layer_cave, gup_sewer_entry_bowl,
          uniq_edmund, uniq_grinder
D:7:      layout_loops_ring, vehumet_statue
D:8:      gammafunk_wand_slinger, layout_basic, serial_shops, shop_statue,
          grunt_livestock, eino_jars, uniq_erica, uniq_grum, uniq_psyche
D:9:      layout_gridville, dpeg_oklobed_lair, minmay_guarded_unrand_finisher
D:10:     layout_big_octagon, serial_shops, shop, ebering_ghost_reflecting_pool
D:11:     layout_gridville, enter_bailey_3
Temple:   compressed_dpeg_circular_temple
Lair:1:   layout_small_grid, worms_lemuel, serial_bayou_shore_a,
          grunt_megastairs_1, infiniplex_staircase_pool_2

Skill      XL: |  1  2  3  4  5  6  7  8  9 10 11 12 |
---------------+-------------------------------------+-----
Spellcasting   | 5 6 8 9 |  9.0
Invocations    | 1 2 3 4 5 6 7 8 |  8.0
Short Blades   | 1 2 3 4 6 7 |  7.3
Long Blades    | 1 2 3 4 6 7 |  7.3
Axes           | 1 2 3 4 6 7 |  7.3
Maces & Flails | 1 2 3 4 6 7 |  7.3
Staves         | 1 2 3 4 6 7 |  7.3
Slings         | 1 2 3 4 6 7 |  7.3
Bows           | 1 2 3 4 6 7 |  7.3
Crossbows      | 1 2 3 4 6 7 |  7.3
Throwing       | 1 2 3 4 6 7 |  7.3
Stealth        | 1 2 3 4 6 7 |  7.3
Shields        | 1 2 3 4 6 7 |  7.3
Unarmed Combat | 1 2 3 4 6 7 |  7.3
Evocations     | 1 2 3 4 6 7 |  7.3
Conjurations   | 1 2 3 5 6 |  6.1
Hexes          | 1 2 3 5 6 |  6.1
Summonings     | 1 2 3 5 6 |  6.1
Necromancy     | 1 2 3 5 6 |  6.1
Translocations | 1 2 3 5 6 |  6.1
Transmutations | 1 2 3 5 6 |  6.1
Fire Magic     | 1 2 3 5 6 |  6.1
Ice Magic      | 1 2 3 5 6 |  6.1
Air Magic      | 1 2 3 5 6 |  6.1
Earth Magic    | 1 2 3 5 6 |  6.1
Poison Magic   | 1 2 3 5 6 |  6.1
Armour         | 3 4 5 6 7 |  7.8
Fighting       | 5 6 7 8 |  8.7
Polearms       | 5 6 7 8 |  8.7
Dodging        | 5 6 7 8 |  8.7
Charms         | 6 7 8 |  8.3

Action                   |  1- 3 |  4- 6 |  7- 9 | 10-12 || total
-------------------------+-------+-------+-------+-------++-------
Melee: Spear             |   112 |    82 |       |       ||   194
       Bite              |     7 |    19 |    45 |   104 ||   175
       Hand axe          |       |    62 |       |       ||    62
       Dagger            |       |    43 |   322 |   512 ||   877
Throw: Dart              |     1 |       |       |       ||     1
 Cast: Infusion          |    15 |     2 |       |       ||    17
       Stone Arrow       |       |       |       |     4 ||     4
Invok: Lunge             |       |     8 |    49 |    79 ||   136
       Whirlwind         |       |       |    27 |    78 ||   105
 Abil: Wall Jump         |       |       |     1 |     5 ||     6
Evoke: Wand              |       |     2 |       |     1 ||     3
  Use: Potion            |       |       |     3 |     2 ||     5
       Scroll            |       |       |     9 |     6 ||    15
 Stab: Sleeping          |       |     1 |    15 |    15 ||    31
       Distracted        |       |       |     1 |     2 ||     3
       Paralysed         |       |       |       |     2 ||     2
  Eat: Chunk             |     2 |     8 |    11 |    15 ||    36
       Ration            |       |       |       |     1 ||     1
Armor: Leather armour    |    17 |    29 |    45 |    29 ||   120
       Robe              |       |       |       |     8 ||     8
Dodge: Dodged            |    55 |   107 |   105 |   135 ||   402
Block: Shield            |       |     4 |   114 |   165 ||   283

Table legend:
 A = Non-vault XP
 B = Vault XP
 C = Vault XP percentage of total XP
 D = Non-vault monster count
 E = Vault monster count
 F = Vault count percentage of total count
                 A         B        C        D         E       F
            +---------+---------+-------+---------+---------+-------
      Total |   14200 |    5110 |  26.5 |     202 |      74 |  26.8
            +---------+---------+-------+---------+---------+-------
        D:1 |      22 |       0 |   0.0 |      13 |       0 |   0.0
        D:2 |      57 |      54 |  48.6 |      11 |      30 |  73.2
        D:3 |      55 |       0 |   0.0 |      15 |       0 |   0.0
        D:4 |     294 |       0 |   0.0 |      10 |       0 |   0.0
        D:5 |     463 |      19 |   3.9 |      16 |       1 |   5.9
        D:6 |    1307 |     282 |  17.7 |      36 |       6 |  14.3
        D:7 |     633 |       0 |   0.0 |      10 |       0 |   0.0
        D:8 |     744 |    3247 |  81.4 |      21 |      21 |  50.0
        D:9 |    1199 |     404 |  25.2 |      15 |       2 |  11.8
       D:10 |    2396 |       0 |   0.0 |      25 |       0 |   0.0
       D:11 |     523 |       0 |   0.0 |       5 |       0 |   0.0
     Lair:1 |    6507 |     954 |  12.8 |      25 |       6 |  19.4
      Sewer |       0 |     150 | 100.0 |       0 |       8 | 100.0
            +---------+---------+-------+---------+---------+-------
